AoeStats
← Beta

Fortress

510344477Analyzed
1v1 RM · 2d ago on Sep 30, 2026· 46m 35s· 2 players
Game mode
Random Map
Map size
Small (3 player)
Population
200
Speed
Normal
Resources
Standard
Victory
Conquest
Starting age
Dark Age
Ending age
Imperial Age
RankedLock teamsTeams togetherTeam positionsShared explorationLock speedFull tech treeHidden civsTurbo modeCheats
Victory
Defeat
🇨🇿 Cumans · Czechia
914
+14
🇩🇪 Vietnamese · Germany
878
-14
Beta
7:43 Feudal Age
12:57 Castle Age
11:09 Loom
12:12 Wheelbarrow
11:53 Gold Mining
12:59 Fletching
13:11 Padded Archer Armor
13:13 Crossbowman
15:22 Bodkin Arrow
16:18 Double-Bit Axe
16:15 Horse Collar
17:24 Squires
17:51 Bow Saw
17:46 Heavy Plow
21:21 Hand Cart
22:03 Leather Archer Armor
23:51 Pikeman
24:39 Thumb Ring
23:55 Elite Skirmisher
24:50 Scale Mail Armor
25:04 Forging
26:24 Town Watch
30:28 Imperial Age
29:28 Stone Mining
30:06 Chain Mail Armor
31:06 Town Patrol
32:17 Bracer
32:51 Arbalester
34:15 Halberdier
35:52 Iron Casting
36:47 Plate Mail Armor
36:55 Ring Archer Armor
38:00 Ballistics
38:41 Chemistry
38:27 Imperial Skirmisher
44:37 Paper Money
dave9014
6:20 Feudal Age
6:59 Double-Bit Axe
6:56 Horse Collar
15:32 Castle Age
15:22 Wheelbarrow
15:51 Bloodlines
16:00 Fletching
16:40 Padded Archer Armor
16:45 Scale Barding Armor
18:16 Bow Saw
18:09 Heavy Plow
18:25 Bodkin Arrow
18:46 Leather Archer Armor
18:40 Thumb Ring
19:29 Hand Cart
19:52 Chain Barding Armor
18:57 Light Cavalry
21:02 Light Cavalry
22:13 Steppe Husbandry
23:16 Loom
24:02 Forging
24:46 Town Watch
25:45 Town Patrol
30:53 Imperial Age
32:06 Ring Archer Armor
32:12 Iron Casting
32:14 Plate Barding Armor
32:41 Two-Man Saw
32:16 Crop Rotation
34:21 Onager
36:59 Blast Furnace
36:10 Hussar
37:16 Ballistics
37:56 Chemistry
38:08 Elite Kipchak
44:12 Hoardings
Connection lost

Rejoining the realm…

Still unreachable

The connection could not be restored.

Session expired

The server has moved on; the page needs a fresh start.